 Dungeon Crawl Stone Soup version 0.31.0-4-g52a2dc7128 (webtiles) character file.

Game seed: 388506357888580091

59410 PaiMei the Black Sun (level 14, 0/118 HPs)
             Began as a Demonspawn Necromancer on Jan 22, 2024.
             Was a High Priest of Kikubaaqudgha.
             Slain by Urug
             ... wielding a +5 glaive
              (13 damage)
             ... while petrified by Jorgrun
             ... on level 13 of the Dungeon.
             The game lasted 01:16:53 (38753 turns).

PaiMei the Black Sun (Demonspawn Necromancer)      Turns: 38753, Time: 01:16:54

Health: 0/118      AC: 12    Str:  6    XL:     14   Next: 53%
Magic:  30/30      EV: -1    Int: 19    God:    Kikubaaqudgha [*****.]
Gold:   1041       SH:  0    Dex: 17    Spells: 9/37 levels left

rFire   + + +        X - +4 shortbow of Fach {flame, rC+ Will- rCorr Dex+3}
rCold   + . .        (shield currently unavailable)
rNeg    + + +        Z - +2 robe "Juemosim" {rF+++ Regen+ Str-4 Archmagi}
rPois   ∞            r - +2 helmet
rElec   .            q - +2 cloak
rCorr   +            (gloves unavailable)
SInv    .            o - +1 pair of boots
Will    .....        C - amulet of the acrobat
Stlth   ++           Y - +5 ring of evasion
HPRegen 1.19/turn    d - +5 ring of evasion
MPRegen 0.22/turn

%: acrobat, archmagi
@: petrified, grasped by roots, constricted
A: powered by pain 1, demonic magic 1, demonic touch 3
a: Renounce Religion, Unearth Wretches, Torment


You were on level 13 of the Dungeon.
You worshipped Kikubaaqudgha.
Kikubaaqudgha was extremely pleased with you.
You visited 3 branches of the dungeon, and saw 19 of its levels.

You collected 1400 gold pieces.
You spent 359 gold pieces at shops.

Inventory:

Hand Weapons
 h - the +0 mace of Eminent Domain {pain, rF- Int+6}
   (You found it on level 10 of the Dungeon)

   Int+6:     It affects your intelligence (+6).
   rF-:       It makes you vulnerable to fire.
 E - a +2 mace of protection
 X - the +4 shortbow of Fach (weapon) {flame, rC+ Will- rCorr Dex+3}
   (You bought it in a shop on level 8 of the Dungeon)

   Dex+3:     It affects your dexterity (+3).
   rC+:       It protects you from cold.
   Will-:     It decreases your willpower.
   rCorr:     It protects you from acid and corrosion.
Missiles
 W - a curare-tipped dart
Armour
 o - a +1 pair of boots (worn)
 q - a +2 cloak (worn)
 r - a +2 helmet (worn)
 Z - the +2 robe "Juemosim" (worn) {rF+++ Regen+ Str-4 Archmagi}
   (You found it on level 9 of the Dungeon)

   Str-4:     It affects your strength (-4).
   rF+++:     It renders you almost immune to fire.
   Regen+:    It increases your rate of health regeneration.
   Archmagi:  It increases the power of your magical spells.
Jewellery
 d - a +5 ring of evasion (right hand)
 t - a +6 ring of strength
 B - a ring of magical power
 C - an amulet of the acrobat (around neck)
 G - an amulet of regeneration
 M - a ring of poison resistance
 O - a ring of flight
 P - a ring of see invisible
 Y - a +5 ring of evasion (left hand)
Wands
 c - a wand of paralysis (18)
 s - a wand of mindburst (4)
 F - a wand of flame (24)
 Q - a wand of light (18)
Scrolls
 a - 2 scrolls of enchant weapon
 e - 4 scrolls of immolation
 g - 2 scrolls of teleportation
 i - 3 scrolls of blinking
 j - a scroll of vulnerability {unknown}
 k - 3 scrolls of noise
 m - 3 scrolls of fear
 x - 3 scrolls of poison
 y - 2 scrolls of brand weapon
 A - 4 scrolls of fog
 D - 4 scrolls of revelation
 I - 2 scrolls of enchant armour {unknown}
 K - 2 scrolls of summoning
 N - a scroll of silence {unknown}
 R - a scroll of torment {unknown}
Potions
 b - a potion of magic
 f - a potion of resistance {unknown}
 l - 2 potions of haste
 n - 6 potions of curing
 p - 3 potions of enlightenment
 u - a potion of invisibility {unknown}
 v - 2 potions of heal wounds
 z - a potion of experience {unknown}
 H - 2 potions of mutation {unknown}
 J - a potion of attraction {unknown}
 L - 3 potions of might {unknown}
 S - a potion of brilliance {unknown}
 T - a potion of ambrosia {unknown}
 U - a potion of cancellation {unknown}
 V - 4 potions of lignification {unknown}
Miscellaneous
 w - a phantom mirror


   Skills:
 - Level 13.0 Fighting
 + Level 1.0 Ranged Weapons
 + Level 12.2 Dodging
 - Level 2.0 Stealth
 + Level 12.2 Spellcasting
 + Level 14.8 Necromancy
 + Level 1.1 Evocations


You had 9 spell levels left.
You knew the following spells:

 Your Spells              Type           Power      Damage    Failure   Level
a - Necrotise             Necr           100%       1d9       0%          1
b - Vampiric Draining     Necr           80%        2d11      1%          3
c - Animate Dead          Necr           80%        N/A       1%          4
d - Curse of Agony        Necr           80%        N/A       1%          5
e - Fugue of the Fallen   Necr           80%        N/A       1%          3
f - Dispel Undead         Necr           80%        3d26      1%          4
g - Martyr's Knell        Necr/Summ      56%        N/A       2%          4
h - Anguish               Hex/Necr       28%        N/A       2%          4

Your spell library contained the following spells:

 Spells                   Type           Power      Damage    Failure   Level
 Kiss of Death            Conj/Necr      100%       2d13      1%          1
 Cigotuvi's Dreadful Rot  Necr/Alch/Air  90%        N/A       1%          2
 Death Channel            Necr           40%        N/A       1%          6
 Summon Small Mammal      Summ           68%        N/A       6%          1
 Jinxbite                 Hex            34%        N/A       9%          2
 Call Canine Familiar     Summ           17%        N/A       19%         3
 Ozocubu's Armour         Ice            17%        N/A       19%         3
 Sigil of Binding         Hex            17%        N/A       19%         3
 Dimensional Bullseye     Hex/Tloc       8%         N/A       52%         4
 Manifold Assault         Tloc           17%        N/A       52%         4
 Summon Blazeheart Golem  Fire/Summ      17%        N/A       52%         4
 Infestation              Necr           40%        N/A       65%         8
 Yara's Violent Unravell  Hex/Alch       8%         3d5       86%         5
 Haunt                    Necr/Summ      28%        N/A       93%         7
 Enfeeble                 Hex            8%         N/A       100%        7


Dungeon Overview and Level Annotations

Branches:
Dungeon (13/15)            Temple (1/1) D:7            Lair (5/5) D:8
 Shoals (0/4) Lair:3        Snake (0/4) Lair:2        Slime (0/5) Lair:4
    Orc (0/2) D:11
 Vaults: D:13-14

Altars:
Ashenzari
Cheibriados
Dithmenos
Fedhas
Gozag
Hepliaklqana
Kikubaaqudgha
Makhleb
Nemelex Xobeh
Okawaru
Qazlal
Ru
Sif Muna
Trog
Uskayaw
Vehumet
Wu Jian
Xom
Yredelemnul
Jiyva
Lugonu

Shops:
D:8 (   D:9 (   D:11 ?   D:13 :

Portals:
Abyss: Lair:5

Annotations:
D:9 exclusion: obsidian statue
D:11 3 runed translucent doors
D:13 Jorgrun; Urug
Lair:1 1 runed translucent door, rozman's ghost, journeyman TrSh


Innate Abilities, Weirdness & Mutations

You sometimes gain a little power by taking damage.
Spells you cast may paralyse adjacent enemies.
Your touch may irresistibly damage your foes and sap their willpower.


Message History

Press: ? - help, Shift-Dir - straight line, f/p - Jorgrun
Aim: Jorgrun, wielding a +0 heavy quarterstaff and wearing a +0 robe (moderately wounded, cursed with the promise of agony)
You feel a surge of power!
You draw life force from Jorgrun!
Malevolent energies surge around you.
Jorgrun points at you and mumbles some strange words.
You are slowing down.
Urug misses you.
Jorgrun hits you with a +0 heavy quarterstaff!
Your limbs are stiffening.
Urug throws a javelin.
The javelin closely misses you.
Jorgrun points at you and mumbles some strange words.
The iron shot hits you!!!
You have turned to stone.
Jorgrun points at you and mumbles some strange words.
You shatter!!!
Urug throws a javelin.
The javelin pierces through you but does no damage.
Jorgrun is freed from its curse.
Urug hits you from afar with a +5 glaive.
Jorgrun hits you with a +0 heavy quarterstaff!!
You focus on the pain.
You feel your power returning.
Urug throws a javelin.
The javelin completely misses you.
Urug screams, "Bird-brain!"
Urug hits you from afar with a +5 glaive!
Jorgrun completely misses you.
Urug hits you from afar with a +5 glaive!!
* * * LOW HITPOINT WARNING * * *
Jorgrun hits you with a +0 heavy quarterstaff!!
* * * LOW HITPOINT WARNING * * *
Urug throws a javelin.
The javelin pierces through you!
* * * LOW HITPOINT WARNING * * *
Urug hits you from afar with a +5 glaive!
* * * LOW HITPOINT WARNING * * *
Jorgrun casts a spell at you.
Roots burst forth from the earth!
The grasping roots grab you! The grasping roots constrict you.
* * * LOW HITPOINT WARNING * * *
Urug hits you from afar with a +5 glaive!!
You die...
Urug screams, "Revenge at last!"
Kikubaaqudgha rasps: "You have failed me!
Welcome... oblivion!"

##......####..#
#..##..##....#
#..##..........
##...∩...###.#>
#....#### #
###..###
###..###
##...##### #
#....@.o.# ...
###...g..#...#
#........#
##.......#
#.........#
###......##
#........
#.......##
#....##..


You could see Jorgrun and Urug.

Vanquished Creatures
  2 dire elephants (Lair:5)
  Fannar (Lair:3)
  3 hydras
  An alligator (Lair:5)
  A boulder beetle (Lair:4)
  A centaur warrior (D:13)
  4 two-headed ogres
  A catoblepas (D:10)
  2 thrashing horrors (Lair:5)
  A fire crab (Lair:5)
  5 skeletal warriors
  A large abomination (Lair:5)
  An oklob plant (Lair:1)
  An ugly thing (D:11)
  A manticore (D:12)
  A merfolk siren (Lair:3)
  12 elephants
  7 black mambas
  Joseph (D:7)
  13 cane toads
  A torpor snail (Lair:5)
  Maggie (D:8)
  2 komodo dragons
  A rime drake (Lair:2)
  3 unseen horrors
  2 trolls
  A merfolk (Lair:3)
  A polar bear (Lair:3)
  13 blink frogs
  3 raiju (Lair:5)
  A spriggan (Lair:5)
  A ynoxinul (Lair:5)
  A spriggan (shapeshifter) (Lair:5)
  6 wyverns
  28 yaks
  4 steam dragons
  5 basilisks
  3 chaos spawn (Lair:5)
  7 vampire mosquitoes
  2 nagas (Lair:2)
  13 water moccasins
  2 acid dragons (D:12)
  Duvessa (D:7)
  An orc warrior (D:8)
  2 ice beasts
  An ogre (D:6)
  A sky beast (D:7)
  5 small abominations (Lair:5)
  14 wolves
  2 centaurs
  A phantom (D:5)
  5 kobold brigands
  15 bullfrogs
  A gnoll sergeant (D:12)
  4 scorpions
  Dowan (D:7)
  22 killer bees
  7 electric eels
  6 howler monkeys
  2 bombardier beetles
  8 hounds
  Crazy Yiuf (D:7)
  4 orc priests
  3 jellies (Lair:4)
  2 sleepcaps
  3 iguanas
  Terence (D:3)
  Natasha (thrice) (D:3)
  10 orc wizards
  2 hell rats (Lair:4)
  Robin (D:2)
  8 gnolls
  8 adders
  6 river rats
  2 shadow imps (D:7)
  3 white imps
  8 dart slugs
  7 ribbon worms
  31 orcs
  13 endoplasms
  3 giant cockroaches
  15 goblins
  10 hobgoblins
  3 jackals (D:3)
  25 kobolds
  2 quokkas
  5 ball pythons
  2 bats
  2 frilled lizards (D:2)
  22 rats
465 creatures vanquished.

Vanquished Creatures (collateral kills)
  A hydra (Lair:4)
  A thrashing horror (Lair:5)
  Amaemon (Lair:3)
  A manticore (Lair:5)
  3 elephants (Lair:3)
  A large abomination (Lair:5)
  2 black mambas
  An orange demon (Lair:3)
  3 komodo dragons
  2 cane toads
  2 merfolk (Lair:3)
  3 blink frogs
  18 yaks
  A wyvern (Lair:5)
  3 basilisks
  A chaos spawn (Lair:5)
  A naga (Lair:2)
  5 water moccasins
  2 black bears
  3 small abominations (Lair:5)
  7 wolves
  A bullfrog (Lair:1)
  2 electric eels (Lair:4)
  A ribbon worm (D:2)
  A goblin (D:2)
  A hobgoblin (D:1)
  2 rats (D:3)
  2 butterflies (Lair:1)
72 creatures vanquished.

Vanquished Creatures (others)
  An alligator zombie (Lair:5)
  An unseen horror (D:12)
  2 hydra zombies
  A black mamba zombie (Lair:5)
  2 cane toad zombies (Lair:5)
  4 blink frog zombies (Lair:2)
  An elephant zombie (Lair:5)
  2 komodo dragon zombies
  A water moccasin zombie (Lair:4)
  4 yak zombies (Lair:3)
  3 wolf zombies (Lair:2)
  2 kobolds (D:8)
  A river rat zombie (Lair:4)
25 creatures vanquished.

Grand Total: 562 creatures vanquished

Notes
Turn   | Place    | Note
-------+----------+-------------------------------------------
     0 | D:1      | PaiMei the Demonspawn Necromancer began the quest for the
                  | Orb.
     0 | D:1      | Reached XP level 1. HP: 13/13 MP: 3/3
   205 | D:1      | Found a faded altar of an unknown god.
   208 | D:1      | Gained mutation: Spells you cast may paralyse adjacent
                  | enemies. [demonic ancestry]
   208 | D:1      | Reached XP level 2. HP: 19/19 MP: 1/5
   816 | D:2      | Reached XP level 3. HP: 25/25 MP: 3/6
   820 | D:2      | Learned a level 3 spell: Vampiric Draining
  1008 | D:2      | Noticed Robin
  1114 | D:1      | Reached skill level 1 in Fighting
  1505 | D:2      | Killed Robin
  1723 | D:2      | Reached XP level 4. HP: 32/32 MP: 5/7
  2338 | D:3      | Reached skill level 5 in Necromancy
  2699 | D:3      | Noticed Natasha
  2706 | D:3      | Killed Natasha
  2761 | D:3      | Identified the +2 scale mail of Pandemonium {rF+ Will+
                  | Str-2}
  2906 | D:3      | Reached XP level 5. HP: 38/38 MP: 3/9
  3423 | D:3      | Noticed Terence
  3463 | D:3      | Killed Terence
  3684 | D:3      | Reached XP level 6. HP: 46/46 MP: 7/11
  4000 | D:3      | Noticed Natasha
  4004 | D:3      | Killed Natasha
  4070 | D:3      | Noticed Natasha
  4081 | D:3      | Killed Natasha
  4404 | D:3      | Learned a level 4 spell: Animate Dead
  5181 | D:4      | Reached skill level 6 in Necromancy
  5181 | D:4      | Reached XP level 7. HP: 38/52 MP: 4/12
  5715 | D:5      | Entered Level 5 of the Dungeon
  7020 | D:5      | Gained mutation: You sometimes gain a little power by
                  | taking damage. [demonic ancestry]
  7020 | D:5      | Reached XP level 8. HP: 61/61 MP: 2/14
  7314 | D:5      | Learned a level 3 spell: Fugue of the Fallen
  7449 | D:6      | Reached skill level 7 in Necromancy
  7820 | D:6      | Reached skill level 5 in Spellcasting
  7947 | D:6      | Reached skill level 5 in Dodging
  7990 | D:6      | Found a shimmering altar of Xom.
  7990 | D:6      | Found a bloodstained altar of Trog.
  7997 | D:6      | Found a hazy altar of Hepliaklqana.
  7999 | D:6      | Found a burning altar of Makhleb.
  8000 | D:6      | Found a sparkling altar of Nemelex Xobeh.
  8002 | D:6      | Found a snail-covered altar of Cheibriados.
  8007 | D:6      | Found an opulent altar of Gozag.
  8180 | D:6      | Reached skill level 5 in Fighting
  8507 | D:7      | Noticed Duvessa
  8507 | D:7      | Noticed Dowan
  8525 | D:7      | Killed Duvessa
  9178 | D:7      | Killed Dowan
  9807 | D:7      | Noticed Joseph
  9862 | D:7      | Killed Joseph
  9863 | D:7      | Reached skill level 8 in Necromancy
  9863 | D:7      | Reached XP level 9. HP: 29/69 MP: 1/17
  9996 | D:7      | Found a runed translucent door.
  9998 | D:7      | Noticed Crazy Yiuf
 10104 | D:7      | Found a staircase to the Ecumenical Temple.
 10356 | Temple   | Entered the Ecumenical Temple
 10368 | Temple   | Became a worshipper of Kikubaaqudgha
 10548 | D:7      | Killed Crazy Yiuf
 10707 | D:8      | Found Hyker's Antique Weapon Emporium.
 10973 | D:8      | Noticed a troll
 10980 | D:8      | Noticed Maggie
 11605 | D:8      | Killed Maggie
 11730 | D:8      | Killed a troll
 11731 | D:8      | Reached skill level 9 in Necromancy
 12175 | D:8      | Gained mutation: Your touch may inflict minor irresistible
                  | damage on your foes. [demonic ancestry]
 12175 | D:8      | Reached XP level 10. HP: 79/79 MP: 15/20
 12217 | D:8      | Found a staircase to the Lair.
 12668 | D:8      | Identified the blade talisman "Zual" {rN+ MP-9 Int+4}
 12921 | D:8      | Reached * piety under Kikubaaqudgha
 12921 | D:8      | Received a gift from Kikubaaqudgha
 13316 | D:8      | Bought a polished shortbow for 224 gold pieces
 13316 | D:8      | Identified the +4 shortbow of Fach {flame, rC+ Will- rCorr
                  | Dex+3} (You bought it in a shop on level 8 of the Dungeon)
 14604 | D:9      | Noticed an obsidian statue
 15183 | D:10     | Entered Level 10 of the Dungeon
 15459 | D:10     | Identified the +0 mace of Eminent Domain {pain, rF- Int+6}
 15547 | D:10     | Noticed a two-headed ogre
 15562 | D:10     | Killed a two-headed ogre
 15563 | D:10     | Reached skill level 10 in Necromancy
 15585 | D:9      | Found Teetumaj's Weapon Shop.
 15645 | D:9      | Found a radiant altar of Vehumet.
 15867 | D:9      | Identified the +2 robe "Juemosim" {rF+++ Regen+ Str-4
                  | Archmagi}
 16164 | D:10     | Noticed a two-headed ogre
 16423 | D:10     | Noticed a catoblepas
 16439 | D:10     | Killed a catoblepas
 16640 | D:9      | Learned a level 5 spell: Curse of Agony
 16650 | D:10     | Killed a two-headed ogre
 16651 | D:10     | Gained mutation: Your touch may inflict irresistible damage
                  | on your foes. [demonic ancestry]
 16651 | D:10     | Reached XP level 11. HP: 66/87 MP: 15/23
 18375 | D:11     | Found Uwkyur's Magic Scroll Shoppe.
 18377 | D:11     | Bought a scroll of blinking for 135 gold pieces
 18613 | D:11     | Found a staircase to the Orcish Mines.
 18952 | D:11     | Noticed a boulder beetle
 18976 | D:11     | Reached ** piety under Kikubaaqudgha
 19383 | D:11     | Noticed a skeletal warrior
 19383 | D:11     | Noticed a skeletal warrior
 19384 | D:11     | Noticed a skeletal warrior
 19384 | D:11     | Noticed a skeletal warrior
 19533 | Lair:1   | Entered Level 1 of the Lair of Beasts
 20201 | Lair:1   | Reached skill level 11 in Necromancy
 21544 | Lair:1   | Found a runed translucent door.
 21545 | Lair:1   | Noticed a five-headed hydra
 21546 | Lair:1   | Noticed rozman's ghost (journeyman TrSh)
 21563 | Lair:1   | Noticed an oklob plant
 21591 | Lair:1   | Killed an oklob plant
 22002 | Lair:2   | Noticed a four-headed hydra
 22010 | Lair:2   | Gained mutation: Your touch may irresistibly damage your
                  | foes and sap their willpower. [demonic ancestry]
 22010 | Lair:2   | Reached XP level 12. HP: 79/97 MP: 1/25
 22145 | Lair:2   | Identified the +0 robe "Receda" {Fly rF- Regen+ Stlth+}
 22285 | Lair:2   | Reached skill level 10 in Fighting
 22616 | Lair:2   | Reached *** piety under Kikubaaqudgha
 22616 | Lair:2   | Received a gift from Kikubaaqudgha
 22706 | Lair:2   | Reached skill level 12 in Necromancy
 22733 | Lair:2   | Killed a four-headed hydra
 23563 | Lair:2   | Found a staircase to the Snake Pit.
 23981 | Lair:3   | Reached skill level 10 in Spellcasting
 23994 | Lair:3   | Reached skill level 10 in Dodging
 24231 | Lair:3   | Noticed Fannar
 24984 | Lair:3   | Noticed Amaemon
 24994 | Lair:3   | Killed Amaemon
 25319 | Lair:3   | Found a staircase to the Shoals.
 26073 | Lair:3   | Reached **** piety under Kikubaaqudgha
 26379 | Lair:3   | Reached XP level 13. HP: 68/106 MP: 0/27
 26645 | Lair:3   | Reached skill level 13 in Necromancy
 27575 | Lair:4   | Found a viscous altar of Jiyva.
 27576 | Lair:4   | Found a staircase to the Slime Pits.
 29652 | Lair:5   | Entered Level 5 of the Lair of Beasts
 31120 | Lair:5   | Found the +2 cloak of the Thief {*Fog Slay-2 SInv Stlth+}
 31188 | Lair:5   | Reached skill level 14 in Necromancy
 31197 | Lair:5   | Noticed a dire elephant
 32579 | Lair:5   | Reached ***** piety under Kikubaaqudgha
 32664 | Lair:5   | Reached XP level 14. HP: 114/116 MP: 22/29
 33577 | Lair:5   | HP: 5/116 [large abomination (30)]
 34351 | Lair:5   | Found a corrupted altar of Lugonu.
 34351 | Lair:5   | Found a one-way gate to the infinite horrors of the Abyss.
 35574 | Lair:3   | Killed Fannar
 36281 | D:8      | Learned a level 4 spell: Dispel Undead
 36286 | D:8      | Learned a level 4 spell: Martyr's Knell
 36291 | D:8      | Learned a level 4 spell: Anguish
 37116 | D:11     | Found a runed translucent gate.
 37117 | D:11     | Found a runed translucent gate.
 37118 | D:11     | Found a runed translucent gate.
 37581 | D:12     | Identified the +0 ring mail "Ziumubb" {rElec}
 38589 | D:13     | Found Lyanygir's Book Shoppe.
 38601 | D:13     | Reached skill level 1 in Ranged Weapons
 38601 | D:13     | Reached skill level 1 in Evocations
 38735 | D:13     | Noticed Jorgrun
 38741 | D:13     | Noticed Urug
 38753 | D:13     | Slain by Urug

Illustrated notes

Levels and vault maps discovered:
D:1:      saegor_arrival_simple_d, layout_basic, ebering_ecumenical_altar_box
D:2:      layout_loops_ring, uniq_robin
D:3:      layout_basic, minmay_rat_hole, uniq_natasha, uniq_terence
D:4:      layout_basic
D:5:      minmay_spotlight, layout_loops_cross
D:6:      layout_basic, nicolae_overflow_hallway_of_the_gods,
          minmay_tree_intersection, minmay_misc_feat_tower,
          grunt_decor_mini_mirrors
D:7:      layout_basic, minmay_temple_entry_glass, grunt_tough_drop,
          uniq_joseph, uniq_crazy_yiuf_cottage, uniq_duvessa
D:8:      minmay_weird_star, layout_cave_pools, erik_lair_island, serial_shops,
          nicolae_shop_crystal, nicolae_zig_zag_zippers, uniq_maggie
D:9:      layout_loops_cross, fiery_altar_vehumet, serial_shops,
          nicolae_shop_hallway_stairs, chequers_serial_rivers_small_3,
          minivault_16
D:10:     layout_loops_cross, kennysheep_diamond
D:11:     layout_long_grid, orc_0_dummy,
          ploomutoo_gammafunk_ghost_potion_laboratory, serial_shops, shop,
          serial_bayou_crossing
D:12:     layout_roguey, minmay_misc_feat_nine_boxes
D:13:     layout_cave_pools, serial_shops, nicolae_square_shop,
          gammafunk_ghost_smash, uniq_jorgrun, uniq_frances, uniq_urug
Temple:   nicolae_temple_god_jail
Lair:1:   layout_cave_shapes, ebering_ghost_inner_flame,
          chequers_serial_rivers_small_3, wad_woods_road_02,
          minmay_lair_oklob_items, lemuel_fruit_fields, grunt_megastairs_1
Lair:2:   layout_layer_cave, guppyfry_snake_entry_garden, grunt_megastairs_3
Lair:3:   layout_gridlike, elwin_shoals_entry_stream, minivault_27,
          chequers_serial_rivers_marsh, grunt_forest_stairs_basic, uniq_fannar,
          uniq_amaemon
Lair:4:   layout_cave_pods, nicolae_slime_entry_slimehenge, kennysheep_rathole,
          serial_bayou_shore_a, infiniplex_staircase_pool_2
Lair:5:   hellmonk_lair_end_abyssal_woods, layout_gridlike,
          nicolae_lair_lakeside_cave

Skill      XL: |  1  2  3  4  5  6  7  8  9 10 11 12 13 14 |
---------------+-------------------------------------------+-----
Dodging        | 2 3 4 5 6 8 9 10 11 12 | 12.2
Stealth        | 2 |  2.0
Fighting       | 1 2 3 4 5 7 8 9 11 12 13 | 13.0
Necromancy     | 5 6 8 9 10 11 12 14 | 14.8
Spellcasting   | 3 4 5 6 8 9 10 11 12 | 12.2
Ranged Weapons | 1 |  1.0
Evocations     | 1 |  1.1

Action                     |  1- 3 |  4- 6 |  7- 9 | 10-12 | 13-15 || total
---------------------------+-------+-------+-------+-------+-------++-------
  Melee: Whip              |    14 |    93 |   148 |       |       ||   255
         Punch             |       |       |     2 |       |       ||     2
         Club              |       |       |    10 |    15 |       ||    25
         Touch             |       |       |       |     4 |       ||     4
         Shortbow          |       |       |       |       |     1 ||     1
   Fire: Shortbow          |       |       |       |   474 |   599 ||  1073
  Throw: Dart              |       |       |       |    10 |       ||    10
   Cast: Necrotise         |    73 |   153 |   122 |    46 |    11 ||   405
         Vampiric Draining |       |     5 |    92 |   219 |   208 ||   524
         Fugue of the Fall |       |       |     1 |       |     2 ||     3
         Animate Dead      |       |       |       |     7 |     8 ||    15
         Curse of Agony    |       |       |       |     6 |    17 ||    23
         Dispel Undead     |       |       |       |       |    11 ||    11
    Use: Potion            |       |       |     3 |       |     3 ||     6
         Scroll            |       |       |     2 |    10 |     2 ||    14
   Stab: Paralysed         |     1 |     4 |    22 |       |       ||    27
 Armour: Robe              |    14 |    69 |    99 |   207 |   370 ||   759
         Leather armour    |       |       |    47 |   130 |       ||   177
  Dodge: Dodged            |    11 |    82 |   153 |   833 |  1145 ||  2224
